BSA
VISTA PANTHERS @ HOUSTON MARSHALS
06/06/2027
 
TOP OF THE 1ST
Vista Panthers batting - Pitching for Houston Marshals : LHP Braydon Schute
Pitching: LHP Braydon Schute
Batting: RHB John Mendelson 0-0: Ball
1-0: Called Strike
1-1: Ball
2-1: Ground out 4-3 (Groundball, 4)
Batting: RHB Roberto Cruz 0-0: Ball
1-0: Ball
2-0: Called Strike
2-1: Ball
3-1: Base on Balls
Batting: LHB Bob Cunningham 0-0: Ball
1-0: Ball
2-0: Fly out, F7 (Flyball, 7LM)
Batting: RHB Cisco Gatán 0-0: Ball
1-0: Ball
2-0: Ball
3-0: Called Strike
3-1: Base on Balls
Roberto Cruz to second
Batting: LHB Donovan Bird 0-0: Called Strike
0-1: Ball
1-1: Ball
2-1: Swinging Strike
2-2: Strikes out looking
Top of the 1st over - 0 run(s), 0 hit(s), 0 error(s), 2 left on base; Vista 0 - Houston 0
BOTTOM OF THE 1ST
Houston Marshals batting - Pitching for Vista Panthers : RHP Paco Canpos
Pitching: RHP Paco Canpos
Batting: RHB David Murray 0-0: Ground out 6-3 (Groundball, 56)
Batting: LHB Lewis Barr 0-0: Ball
1-0: Called Strike
1-1: Swinging Strike
1-2: Ball
2-2: Ball
3-2: Foul Ball, location: 2F
3-2: Fly out, F9 (Flyball, 9S)
Batting: LHB Matt Smith 0-0: Fly out, F7 (Flyball, 7)
Bottom of the 1st over - 0 run(s), 0 hit(s), 0 error(s), 0 left on base; Vista 0 - Houston 0
TOP OF THE 2ND
Vista Panthers batting - Pitching for Houston Marshals : LHP Braydon Schute
Batting: RHB Griswold Coleman 0-0: Ball
1-0: Foul Ball, location: 2F
1-1: Called Strike
1-2: Strikes out swinging
Batting: RHB Salvador Salas 0-0: Ball
1-0: Swinging Strike
1-1: Foul Ball, location: 2F
1-2: Strikes out looking
Batting: RHB Phil Matthews 0-0: Called Strike
0-1: Ball
1-1: Swinging Strike
1-2: Strikes out swinging
Top of the 2nd over - 0 run(s), 0 hit(s), 0 error(s), 0 left on base; Vista 0 - Houston 0
BOTTOM OF THE 2ND
Houston Marshals batting - Pitching for Vista Panthers : RHP Paco Canpos
Batting: LHB José Rodríguez 0-0: Called Strike
0-1: Ball
1-1: Ground out U3 (Groundball, 34)
Batting: LHB John Peterson 0-0: Ball
1-0: Swinging Strike
1-1: Ball
2-1: Ball
3-1: Foul Ball, location: 2F
3-2: Fly out, F8 (Flyball, 8LM)
Batting: LHB Kent MacDulothe 0-0: Ball
1-0: Fly out, F7 (Flyball, 7LS)
Bottom of the 2nd over - 0 run(s), 0 hit(s), 0 error(s), 0 left on base; Vista 0 - Houston 0
TOP OF THE 3RD
Vista Panthers batting - Pitching for Houston Marshals : LHP Braydon Schute
Batting: RHB Justin Burgess 0-0: Ball
1-0: Swinging Strike
1-1: Ball
2-1: Swinging Strike
2-2: Strikes out looking
Batting: RHB John Mendelson 0-0: Called Strike
0-1: Ball
1-1: Ball
2-1: SINGLE (Line Drive, 6MD)
Batting: RHB Roberto Cruz 0-0: Ball
1-0: Called Strike
1-1: Foul Ball, location: 2F
1-2: Strikes out swinging
Batting: LHB Bob Cunningham 0-0: Called Strike
0-1: Foul Ball, location: 2F
0-2: Ball
1-2: Ball
2-2: Foul Ball, location: 2F
2-2: Ground out U3 (Groundball, 3S)
Top of the 3rd over - 0 run(s), 1 hit(s), 0 error(s), 1 left on base; Vista 0 - Houston 0
BOTTOM OF THE 3RD
Houston Marshals batting - Pitching for Vista Panthers : RHP Paco Canpos
Batting: SHB Ramón Lugo 0-0: Foul Ball, location: 2F
0-1: Fly out, F8 (Line Drive, 8RM)
Batting: SHB Juan Gómez 0-0: Called Strike
0-1: Fly out, F7 (Flyball, 7S)
Batting: RHB Jim Tracy 0-0: Called Strike
0-1: Called Strike
0-2: Foul Ball, location: 2F
0-2: Ball
1-2: Ball
2-2: Ground out 5-3 (Groundball, 56S)
Bottom of the 3rd over - 0 run(s), 0 hit(s), 0 error(s), 0 left on base; Vista 0 - Houston 0
TOP OF THE 4TH
Vista Panthers batting - Pitching for Houston Marshals : LHP Braydon Schute
Batting: RHB Cisco Gatán 0-0: Called Strike
0-1: Ball
1-1: Foul Ball, location: 2F
1-2: Strikes out looking
Batting: LHB Donovan Bird 0-0: Ball
1-0: Called Strike
1-1: Ground out 4-3 (Groundball, 4)
Batting: RHB Griswold Coleman 0-0: Ball
1-0: Foul Ball, location: 2F
1-1: Ground out 5-3 (Groundball, 5)
Top of the 4th over - 0 run(s), 0 hit(s), 0 error(s), 0 left on base; Vista 0 - Houston 0
BOTTOM OF THE 4TH
Houston Marshals batting - Pitching for Vista Panthers : RHP Paco Canpos
Batting: RHB David Murray 0-0: Foul Ball, location: 2F
0-1: Swinging Strike
0-2: Ball
1-2: Ball
2-2: Ground out 6-3 (Groundball, 6)
Batting: LHB Lewis Barr 0-0: Fly out, F7 (Flyball, 7LM)
Batting: LHB Matt Smith 0-0: Ground out 1-3 (Groundball, 13)
Bottom of the 4th over - 0 run(s), 0 hit(s), 0 error(s), 0 left on base; Vista 0 - Houston 0
TOP OF THE 5TH
Vista Panthers batting - Pitching for Houston Marshals : LHP Braydon Schute
Batting: RHB Salvador Salas 0-0: Ball
1-0: Called Strike
1-1: Swinging Strike
1-2: Ball
2-2: Strikes out swinging
Batting: RHB Phil Matthews 0-0: Ball
1-0: Foul Ball, location: 2F
1-1: Ball
2-1: Foul Ball, location: 2F
2-2: Ground out 6-3 (Groundball, 6S)
Batting: RHB Justin Burgess 0-0: Called Strike
0-1: Ball
1-1: Ball
2-1: Ball
3-1: Foul Ball, location: 2F
3-2: Base on Balls
Batting: RHB John Mendelson 0-0: Ground out 4-3 (Groundball, 34)
Top of the 5th over - 0 run(s), 0 hit(s), 0 error(s), 1 left on base; Vista 0 - Houston 0
BOTTOM OF THE 5TH
Houston Marshals batting - Pitching for Vista Panthers : RHP Paco Canpos
Batting: LHB José Rodríguez 0-0: Ball
1-0: Ball
2-0: Swinging Strike
2-1: Ball
3-1: Foul Ball, location: 2F
3-2: Foul Ball, location: 2F
3-2: Foul Ball, location: 2F
3-2: Fly out, F7 (Flyball, 7LS)
Batting: LHB John Peterson 0-0: Ground out 3-1 (Groundball, 34)
Batting: LHB Kent MacDulothe 0-0: Called Strike
0-1: Ball
1-1: Called Strike
1-2: Fly out, F7 (Flyball, 7D)
Bottom of the 5th over - 0 run(s), 0 hit(s), 0 error(s), 0 left on base; Vista 0 - Houston 0
TOP OF THE 6TH
Vista Panthers batting - Pitching for Houston Marshals : LHP Braydon Schute
Batting: RHB Roberto Cruz 0-0: Swinging Strike
0-1: Ball
1-1: Called Strike
1-2: Ground out 6-3 (Groundball, 6)
Batting: LHB Bob Cunningham 0-0: Ball
1-0: Ball
2-0: Called Strike
2-1: SOLO HOME RUN (Flyball, 89XD), Distance : 385 ft
Batting: RHB Cisco Gatán 0-0: Called Strike
0-1: Ball
1-1: Ground out 6-3 (Groundball, 56)
Batting: LHB Donovan Bird 0-0: Fly out, F6 (Line Drive, 6)
Top of the 6th over - 1 run(s), 1 hit(s), 0 error(s), 0 left on base; Vista 1 - Houston 0
BOTTOM OF THE 6TH
Houston Marshals batting - Pitching for Vista Panthers : RHP Paco Canpos
Batting: SHB Ramón Lugo 0-0: Swinging Strike
0-1: Ball
1-1: Foul Ball, location: 2F
1-2: Ball
2-2: Ball
3-2: Base on Balls
Batting: SHB Juan Gómez 0-0: Ball
1-0: 2-RUN HOME RUN (Flyball, 89XD), Distance : 398 ft
Batting: RHB Jim Tracy 0-0: Ground out 3-1 (Groundball, 34)
Batting: RHB David Murray 0-0: Called Strike
0-1: Ball
1-1: Fly out, F9 (Flyball, 9LSF)
Batting: LHB Lewis Barr 0-0: Foul Ball, location: 2F
0-1: Ball
1-1: Called Strike
1-2: Ball
2-2: Strikes out swinging
Bottom of the 6th over - 2 run(s), 1 hit(s), 0 error(s), 0 left on base; Vista 1 - Houston 2
TOP OF THE 7TH
Vista Panthers batting - Pitching for Houston Marshals : LHP Braydon Schute
Pitching: RHP Pablo Cabral
Batting: RHB Griswold Coleman 0-0: Ball
1-0: Ball
2-0: Ball
3-0: Called Strike
3-1: Fly out, F8 (Flyball, 78D)
Batting: RHB Salvador Salas 0-0: DOUBLE (Line Drive, 9LS)
Pinch Hitting: SHB Mark Wells 0-0: Ball
1-0: Foul Ball, location: 2F
1-1: Swinging Strike
1-2: SINGLE (Groundball, 34S) (infield hit)
Salvador Salas to third
Pinch Hitting: LHB Patrick Osborne 0-0: Ball
1-0: Foul Ball, location: 2F
1-1: Called Strike
1-2: Foul Ball, location: 2F
1-2: Foul Ball, location: 2F
1-2: Strikes out swinging
Batting: RHB John Mendelson 0-0: Ball
1-0: Ball
2-0: Ball
3-0: Base on Balls
Mark Wells to second
Batting: RHB Roberto Cruz 0-0: Foul Ball, location: 2F
0-1: Swinging Strike
0-2: Strikes out swinging
Top of the 7th over - 0 run(s), 2 hit(s), 0 error(s), 3 left on base; Vista 1 - Houston 2
BOTTOM OF THE 7TH
Houston Marshals batting - Pitching for Vista Panthers : RHP Paco Canpos
Now at SS: Francisco Marino
Now in RF: Patrick Osborne
Batting: LHB Matt Smith 0-0: Called Strike
0-1: Ball
1-1: Fly out, F7 (Flyball, 7LS)
Batting: LHB José Rodríguez 0-0: Ball
1-0: Ball
2-0: Ball
3-0: Base on Balls
Batting: LHB John Peterson 0-0: Foul Ball, location: 2F
0-1: Ball
1-1: Ball
2-1: Ball
3-1: Foul Ball, location: 2F
3-2: Base on Balls
José Rodríguez to second
Batting: LHB Kent MacDulothe 0-0: Swinging Strike
0-1: SINGLE (Line Drive, 5D)
José Rodríguez to third
John Peterson to second
Batting: SHB Ramón Lugo 0-0: Called Strike
0-1: Swinging Strike
0-2: Ball
1-2: Ball
2-2: Foul Ball, location: 2F
2-2: Ball
3-2: SINGLE (Groundball, 6D)
José Rodríguez scores
John Peterson to third
Kent MacDulothe to second
Runner from 3rd tries for Home, SAFE, no throw
Pitching: RHP António López
Batting: SHB Juan Gómez 0-0: Called Strike
0-1: Fly out, F8 (Flyball, 8LM)
Batting: RHB Jim Tracy 0-0: Ball
1-0: Ball
2-0: Called Strike
2-1: Foul Ball, location: 2F
2-2: Strikes out swinging
Bottom of the 7th over - 2 run(s), 2 hit(s), 0 error(s), 2 left on base; Vista 1 - Houston 4
TOP OF THE 8TH
Vista Panthers batting - Pitching for Houston Marshals : RHP Pablo Cabral
Batting: LHB Bob Cunningham 0-0: Ball
1-0: Swinging Strike
1-1: Ball
2-1: Swinging Strike
2-2: Single, Error in OF, E9, batter to second base
Batting: RHB Cisco Gatán 0-0: Called Strike
0-1: Swinging Strike
0-2: Strikes out swinging
Batting: LHB Donovan Bird 0-0: Called Strike
0-1: Ball
1-1: Foul Ball, location: 2F
1-2: Fly out, F3 (Popup, 34)
Batting: RHB Griswold Coleman 0-0: Ball
1-0: Ball
2-0: Ground out 5-3 (Groundball, 56)
Top of the 8th over - 0 run(s), 1 hit(s), 1 error(s), 1 left on base; Vista 1 - Houston 4
BOTTOM OF THE 8TH
Houston Marshals batting - Pitching for Vista Panthers : RHP António López
Batting: RHB David Murray 0-0: Ground out 6-3 (Groundball, 6)
Batting: LHB Lewis Barr 0-0: Ball
1-0: Ground out 6-3 (Groundball, 6)
Batting: LHB Matt Smith 0-0: Called Strike
0-1: Ball
1-1: Ball
2-1: Foul Ball, location: 2F
2-2: DOUBLE (Groundball, 3L)
Batting: LHB José Rodríguez 0-0: Foul Ball, location: 2F
0-1: Ball
1-1: Called Strike
1-2: Fly out, F7 (Flyball, 78S)
Bottom of the 8th over - 0 run(s), 1 hit(s), 0 error(s), 1 left on base; Vista 1 - Houston 4
TOP OF THE 9TH
Vista Panthers batting - Pitching for Houston Marshals : RHP Pablo Cabral
Pitching: RHP Edward Cadle
Batting: RHB Salvador Salas 0-0: Called Strike
0-1: Ball
1-1: Called Strike
1-2: Strikes out swinging
Batting: LHB Francisco Marino 0-0: Foul Ball, location: 2F
0-1: Called Strike
0-2: Strikes out looking
Batting: LHB Patrick Osborne 0-0: SINGLE (Groundball, 3D)
Batting: RHB John Mendelson 0-0: Foul Ball, location: 2F
0-1: Ball
1-1: SINGLE (Line Drive, 4D)
Patrick Osborne to second
Runner from 2nd tries for 3rd, OUT!
Top of the 9th over - 0 run(s), 2 hit(s), 0 error(s), 1 left on base; Vista 1 - Houston 4
Thursday, March 30th, 2017 - OOTP Baseball 17.12 Build 75